 Dungeon Crawl Stone Soup version 0.29.1-15-g9cfb28693d (webtiles) character file.

Game seed: 16399822448156258117

4 croobank the Firebug (level 1, -1/13 HPs)
             Began as a Demonspawn Fire Elementalist on Apr 11, 2023.
             Slain by a jackal (3 damage)
             ... on level 1 of the Dungeon.
             The game lasted 00:00:43 (335 turns).

croobank the Firebug (Demonspawn Fire Elementalist)  Turns: 335, Time: 00:00:44

Health: -1/13      AC:  2    Str:  8    XL:     1   Next: 58%
Magic:  2/3        EV: 12    Int: 16    God:
Gold:   12         SH:  0    Dex: 13    Spells: 3/4 levels left

rFire   . . .      SeeInvis .   (no weapon)
rCold   . . .      Faith    .   (no shield)
rNeg    . . .      Spirit   .   a - +0 robe
rPois   .          Reflect  .   (no helmet)
rElec   .          Harm     .   (no cloak)
rCorr   .          Rampage  .   (no gloves)
Will    .....                   (no boots)
Stlth   ++........              (no amulet)
HPRegen 0.04/turn               (no ring)
MPRegen 0.08/turn               (no ring)

@: no status effects
A: no striking features
a: no special abilities


You were on level 1 of the Dungeon.
You visited 1 branch of the dungeon, and saw 1 of its levels.

You collected 12 gold pieces.

Inventory:

Armour
 a - a +0 robe (worn)
Jewellery
 c - a ring of wizardry


   Skills:
 + Level 1.8 Dodging
 + Level 1.9 Stealth
 + Level 2.0 Spellcasting
 + Level 1.1 Conjurations
 + Level 2.7 Fire Magic


You had 3 spell levels left.
You knew the following spells:

 Your Spells              Type           Power      Damage    Failure   Level
a - Foxfire               Conj/Fire      28%        2x1d5     10%         1

Your spell library contained the following spells:

 Spells                   Type           Power      Damage    Failure   Level
 Scorch                   Fire           20%        2d6       10%         2
 Conjure Flame            Conj/Fire      7%         6-21      28%         3
 Inner Flame              Hex/Fire       6%         N/A       34%         3
 Flame Wave               Conj/Fire      7%         2d5       67%         4


Dungeon Overview and Level Annotations

Branches:
Dungeon (1/15)

Altars:


Message History

The jackal is moderately wounded.
The foxfire hits the jackal but does no damage.
The jackal is moderately wounded.
The jackal barely misses you. The jackal bites you.
Casting: Foxfire (safe; 10% risk of failure)
Confirm with . or Enter, or press ? or * to list all spells.
You miscast Foxfire.
You are very lightly contaminated with residual magic.
Nothing appears to happen.
Casting: Foxfire (safe; 10% risk of failure)
Confirm with . or Enter, or press ? or * to list all spells.
You don't have enough magic to cast this spell.
The jackal attacks as you move away! The jackal misses you.
The jackal misses you. x2; The jackal bites you.
The jackal attacks as you move away! The jackal misses you.
The jackal attacks as you move away! The jackal bites you.
The jackal bites you.
* * * LOW HITPOINT WARNING * * *
Magic courses through your body. The jackal closely misses you.
Casting: Foxfire (safe; 10% risk of failure)
Confirm with . or Enter, or press ? or * to list all spells.
You don't know that spell.
Casting: Foxfire (safe; 10% risk of failure)
Confirm with . or Enter, or press ? or * to list all spells.
You conjure some foxfire!
The jackal barely misses you.
Your magical contamination has completely faded away.
Your foxfire dissipates!
The foxfire hits the jackal.
You kill the jackal!
Casting: Foxfire (safe; 10% risk of failure)
Confirm with . or Enter, or press ? or * to list all spells.
You conjure some foxfire!
The giant cockroach waves its antennae.
The jackal bites you but does no damage.
The foxfire hits the jackal.
The jackal is lightly wounded.
The foxfire hits the jackal.
The jackal is moderately wounded.
The jackal bites you.
You die...

.#....#.## #####.##############
#...#h.#.#####...................
.....B###÷.........##############
#...#..#..####...### ...##.#.#.#
##.## #.h.B.###.# #B#######
#.....# #.# #.##....### #B###.#
#.# #.h.......# . ##. #.#
#§@++'+++.# . ..#
#..+....+.######### .####
#..+.<..+.#........ ##
#..+....+...####### #..+....+...#
##.++++++##.# #.......##.#
######.###.# #.....#


You could see a jackal and a giant cockroach.

Vanquished Creatures
  2 jackals (D:1)
  A quokka (D:1)
  A kobold (D:1)
4 creatures vanquished.

Vanquished Creatures (others)
  12 foxfires (D:1)
12 creatures vanquished.

Grand Total: 16 creatures vanquished

Notes
Turn   | Place    | Note
-------+----------+-------------------------------------------
     0 | D:1      | croobank the Demonspawn Fire Elementalist began the quest
                  | for the Orb.
     0 | D:1      | Reached XP level 1. HP: 13/13 MP: 3/3
   335 | D:1      | Slain by a jackal

Illustrated notes

Levels and vault maps discovered:
D:1:      lightli_arrival_maybe_door_vault, layout_loops_ring,
          basic_ecumenical_altar, hangedman_abyss_or_decor_stabs

Action                   || total
-------------------------++-------
Melee: Unarmed           ||    16
 Cast: Foxfire           ||     7
  Use: Potion            ||     1
Armor: Robe              ||     6
Dodge: Dodged            ||    26
